 Dungeon Crawl Stone Soup version 0.30-a0-737-gf23d94013f (webtiles) character file.

Game seed: 2225559884546217531

149 Rrauwl the Grasshopper (level 5, -12/45 HPs)
             Began as a Barachi Warper on Feb 2, 2023.
             Mangled by an ogre
             ... wielding a +0 giant spiked club
              (32 damage)
             ... on level 4 of the Dungeon.
             The game lasted 00:13:39 (2697 turns).

Rrauwl the Grasshopper (Barachi Warper)             Turns: 2697, Time: 00:13:40

Health: -12/45     AC:  6    Str: 13    XL:     5   Next: 31%
Magic:  2/9        EV: 12    Int: 17    God:
Gold:   129        SH:  0    Dex: 11    Spells: 2/10 levels left

rFire   . . .      SeeInvis .    a - +1 scimitar
rCold   . . .      Faith    .    (no shield)
rNeg    . . .      Spirit   .    b - +0 leather armour
rPois   .          Reflect  .    (no helmet)
rElec   .          Harm     .    (no cloak)
rCorr   .          Rampage  .    n - +2 pair of gloves
Will    .....      Rage     3%   (no boots)
Stlth   +                        e - amulet of regeneration
HPRegen 1.07/turn                (no ring)
MPRegen 0.11/turn                (no ring)

@: slow
A: amphibious, slowness 1, strong legs 1, +LOS, berserk 1, clever 1, robust 1,
subdued magic 1
a: Hop


You were on level 4 of the Dungeon.
You visited 1 branch of the dungeon, and saw 4 of its levels.

You collected 129 gold pieces.

Inventory:

Hand Weapons
 a - a +1 scimitar (weapon)
Missiles
 d - 5 boomerangs of dispersal (quivered)
 f - 2 javelins
Armour
 b - a +0 leather armour (worn)
 n - a +2 pair of gloves (worn)
Jewellery
 e - an amulet of regeneration (around neck)
Scrolls
 h - a scroll of fog
 i - a scroll of identify
 k - a scroll of teleportation
 l - a scroll of acquirement {unknown}
 p - a scroll of immolation
Potions
 g - a potion of brilliance
 j - 2 potions of curing
 m - a potion of cancellation


   Skills:
 - Level 3.0 Fighting
 + Level 3.9 Long Blades
 - Level 1.0 Throwing
 - Level 2.0 Armour
 - Level 3.0 Dodging
 - Level 3.0 Spellcasting
 + Level 4.2 Translocations


You had 2 spell levels left.
You knew the following spells:

 Your Spells              Type           Power      Damage    Failure   Level
a - Blink                 Tloc           26%        N/A       4%          2
b - Lesser Beckoning      Tloc           26%        N/A       4%          2
c - Manifold Assault      Tloc           13%        N/A       32%         4

Your spell library contained the following spells:

 Spells                   Type           Power      Damage    Failure   Level
 Ensorcelled Hibernation  Hex/Ice        2%         N/A       28%         2
 Teleport Other           Tloc           13%        N/A       10%         3
 Vhi's Electric Charge    Tloc/Air       14%        N/A       24%         3
 Spider Form              Tmut/Pois      1%         N/A       50%         3
 Anguish                  Hex/Necr       0%         N/A       89%         4


Dungeon Overview and Level Annotations

Branches:
Dungeon (4/15)
 Temple: D:4-7

Altars:


Innate Abilities, Weirdness & Mutations

You are amphibious.
You cover ground slowly.
You can hop short distances.
You have an extended range of vision and can be seen from far away.
You sometimes lose your temper in combat.
Your mind is acute. (Int +4, Str/Dex -1)
You are robust. (+10% HP)
Your spells are a little easier to cast, but a little less powerful.


Message History

You throw a javelin. The javelin completely misses the ogre.
Throw: 6 javelins
Press: ? - help, Shift-Dir - straight line, f/p - ogre
Aim: an ogre, wielding a +0 giant spiked club (moderately wounded, 72% to hit)
You throw a javelin. The javelin barely misses the goblin.
The javelin barely misses the ogre.
The javelin pierces through the gnoll but does no damage.
The gnoll is severely wounded.
Your magical contamination has completely faded away.
Throw: 5 javelins
Press: ? - help, Shift-Dir - straight line, f - gnoll, p - ogre
Aim: a gnoll, wielding a +0 spear (severely wounded, 60% to hit)
You throw a javelin.
The javelin completely misses the goblin.
The javelin pierces through the ogre!
The ogre is severely wounded.
The javelin pierces through the gnoll.
The gnoll is almost dead.
The javelin closely misses the gnoll.
The javelin pierces through the gnoll!
You kill the gnoll!
Throw: 4 javelins
Press: ? - help, Shift-Dir - straight line, f - gnoll
Aim: a gnoll, wielding a +0 club (lightly wounded, 60% to hit)
You throw a javelin. The javelin barely misses the goblin.
The javelin closely misses the ogre.
The javelin pierces through the gnoll.
You kill the gnoll!
The javelin closely misses the gnoll.
The goblin barely misses you.
Throw: 3 javelins
Press: ? - help, Shift-Dir - straight line, f/p - gnoll
Aim: a gnoll, wielding a +0 club (lightly wounded, 60% to hit)
You throw a javelin. The javelin closely misses the goblin.
The javelin closely misses the ogre.
The javelin pierces through the gnoll!
The gnoll is severely wounded.
The goblin hits you with a +0 club.
The ogre hits you with a +0 giant spiked club!!
Ouch! That really hurt!
You die...

#<# ..###
#........#
....>#.
#.........
.......
..##....#).
......
......#.##....
.......##g#....
..#.#..#.....#
. #.......gO#
..... #@#
.........#
..........
..........#
........###
........
####.(## 8#.
..#.


You could see an ogre, a gnoll and a goblin.

Vanquished Creatures
  An iguana (D:3)
  3 gnolls
  4 adders
  2 worms
  An orc (D:3)
  2 bats
  2 endoplasms (D:1)
  5 giant cockroaches
  6 hobgoblins
  4 ball pythons
  A frilled lizard (D:2)
  6 goblins
  10 kobolds
  2 rats
49 creatures vanquished.

Notes
Turn   | Place    | Note
-------+----------+-------------------------------------------
     0 | D:1      | Rrauwl the Barachi Warper began the quest for the Orb.
     0 | D:1      | Reached XP level 1. HP: 17/17 MP: 3/3
   285 | D:1      | Reached XP level 2. HP: 23/23 MP: 5/5
   858 | D:2      | Gained mutation: Your spells are a little easier to cast,
                  | but a little less powerful. [potion of mutation]
   858 | D:2      | Gained mutation: Your mind is acute. (Int +4, Str/Dex -1)
                  | [potion of mutation]
   858 | D:2      | Gained mutation: You sometimes lose your temper in combat.
                  | [potion of mutation]
   858 | D:2      | Gained mutation: You are robust. (+10% HP) [potion of
                  | mutation]
   862 | D:2      | Learned a level 2 spell: Blink
   865 | D:2      | Learned a level 2 spell: Lesser Beckoning
  1015 | D:2      | Reached XP level 3. HP: 30/30 MP: 6/6
  1976 | D:3      | Reached XP level 4. HP: 30/38 MP: 6/8
  2008 | D:3      | Identified the +1 robe "Tyuv" {-Cast rPois Str+2}
  2018 | D:3      | Learned a level 4 spell: Manifold Assault
  2648 | D:3      | Reached skill level 4 in Translocations
  2648 | D:3      | Reached XP level 5. HP: 45/45 MP: 5/9
  2684 | D:4      | Noticed an ogre
  2697 | D:4      | Mangled by an ogre

Illustrated notes

Levels and vault maps discovered:
D:1:      tarquinn_simple_flora_water_b, layout_loops_corners
D:2:      layout_basic
D:3:      corexii_shack_village, layout_basic
D:4:      layout_cave_pools, tso_oasis_becter, mainiacjoe_overflow_big_doors,
          grunt_decor_junction, minivault_1

Skill      XL: |  1  2  3  4  5 |
---------------+----------------+-----
Armour         | 2 |  2.0
Long Blades    | 3 |  3.9
Fighting       | 3 |  3.0
Dodging        | 3 |  3.0
Translocations | 4 |  4.2
Spellcasting   | 3 |  3.0
Throwing       | |  1.0

Action                     |  1- 3 |  4- 6 || total
---------------------------+-------+-------++-------
  Melee: Falchion          |    28 |       ||    28
         Scimitar          |    78 |    37 ||   115
         Punch             |     1 |       ||     1
  Throw: Javelin           |     4 |     8 ||    12
         Boomerang         |       |     2 ||     2
   Cast: Blink             |       |     1 ||     1
         Manifold Assault  |       |     1 ||     1
Ability: Hop               |     1 |       ||     1
    Use: Potion            |     7 |       ||     7
         Scroll            |     5 |     1 ||     6
 Armour: Leather armour    |    52 |    17 ||    69
  Dodge: Dodged            |    76 |    30 ||   106

Table legend: (Time is in decaauts)
 A = Elapsed time spent in this place.
 B = Non-inter-level travel time spent in this place.
 C = Inter-level travel time spent in this place.
 D = Time resting spent in this place.
 E = Time spent auto-exploring this place.
 F = Levels seen in this place.
 G = Mean time per level.
                   A        B        C        D        E       F      G
               +--------+--------+--------+--------+--------+-----+--------+
         Total |   3280 |   3118 |    162 |     43 |   2527 |   4 |  820.0 |
       Dungeon |   3280 |   3118 |    162 |     43 |   2527 |   4 |  820.0 |
               +--------+--------+--------+--------+--------+-----+--------+

Top non-repeatable levels by time:
     D:3: 1184 daAuts
     D:2: 1061 daAuts
     D:1: 1010 daAuts
     D:4: 23 daAuts
